 Dungeon Crawl Stone Soup version 0.19-a0-892-g8a19e52 (webtiles) character file.

115 Moloch the Ruffian (level 4, 0/35 HPs)
             Began as a Demonspawn Fighter on July 4, 2016.
             Killed from afar by a white imp (9 damage)
             ... with a puff of frost
             ... summoned by Natasha
             ... on level 2 of the Dungeon.
             The game lasted 00:02:13 (1308 turns).

Moloch the Ruffian (Demonspawn Fighter)             Turns: 1308, Time: 00:02:14

Health: 0/35       AC:  6    Str: 17    XL:     4   Next: 68%
Magic:  4/4        EV:  6    Int:  9    God:
Gold:   50         SH:  8    Dex: 13    Spells: 0 memorised, 3 levels left

rFire  . . .     SeeInvis .     p - +0 dagger (venom)
rCold  . . .     Gourm    .     b - +0 scale mail
rNeg   . . .     Faith    .     c - +0 shield
rPois  .         Spirit   .     (no helmet)
rElec  .         Dismiss  .     (no cloak)
rCorr  .         Reflect  .     (no gloves)
SustAt .         Harm     .     (no boots)
MR     .....                    (no amulet)
Stlth  ..........               (no ring)
                                (no ring)

@: not resistant to hostile enchantments, extremely unstealthy
A: claws 1, demonic guardian 1
a: no special abilities


You were on level 2 of the Dungeon.
You were hungry.

You visited 1 branch of the dungeon, and saw 2 of its levels.

You collected 50 gold pieces.

Inventory:

Hand Weapons
 p - a +0 dagger of venom (weapon)
Armour
 b - a +0 scale mail (worn)
 c - a +0 shield (worn)
Scrolls
 i - 2 scrolls of enchant armour {unknown}
 j - a scroll of immolation {unknown}
 k - a scroll of blinking {unknown}
 m - a scroll of remove curse {unknown}
 o - 2 scrolls of identify {unknown}
Potions
 d - a potion of might
 e - 5 potions of heal wounds {unknown}
 l - a potion of brilliance {unknown}
 n - 2 potions of agility {unknown}
Comestibles
 a - a meat ration
 f - a bread ration
 h - a beef jerky


   Skills:
 - Level 3.3 Fighting
   Level 2.1 Axes
 - Level 2.6 Armour
 - Level 2.6 Shields
 + Level 3.5 Unarmed Combat


You had 3 spell levels left.
You didn't know any spells.

Dungeon Overview and Level Annotations

Branches:
Dungeon (2/15)

Altars:

Annotations:
D:2 Natasha


Innate Abilities, Weirdness & Mutations

You have sharp fingernails.
A weak demonic guardian rushes to your aid.


Message History

You kill the gnoll!
You swap places.
The gnoll hits your white imp with a club!
Your white imp closely misses the gnoll.
A gnoll comes into view. It is wielding an enchanted spear.
The gnoll hits your white imp with a club.
Your white imp dies!
Natasha, Servant of Life and Death comes into view.
You closely miss Natasha. Natasha claws you but does no damage.
You hit Natasha but do no damage.
Natasha is poisoned.
Natasha mumbles some strange words.
Natasha stares at you and mumbles some strange words.
The magic dart hits you!
You barely miss Natasha.
Natasha is lightly wounded.
You block the gnoll's attack. Natasha claws you.
* * * LOW HITPOINT WARNING * * *
The white imp gestures at you. The puff of frost hits you!
You die...

.#.# #....# #......#...#.....#
.#.######....###......#...#.....#
....[........+........'...'.>...#
.#.##.###....##.......#...#.....#
.#.##.# #....<#.#######...##'####
.#.##.# #.....#.# ######.#
.#.##.#######.#.###### #.#
................5....# #.#
..........#####h@....# #.#
...######.## #.g..).# #.# ####
#....# #gg....##### #.# ..
#..####......#...# #.# ###
#.ggg.......(....# #.# .
#.###########....# #.#### ..
+..........# #....###.....
#....#'###.# #(...#....##.
#....... #####.(..#....##.


You could see Natasha, 3 gnolls and a white imp.

Vanquished Creatures
  Natasha (twice) (D:2)
  A gnoll (D:2)
  An adder (D:2)
  An ooze (D:2)
  3 dart slugs (D:1)
  2 giant geckos
  3 bats (D:2)
  6 hobgoblins
  7 jackals
  3 kobolds
  A ball python (D:1)
  4 giant newts
  2 rats
36 creatures vanquished.

Notes
Turn   | Place    | Note
-------+----------+-------------------------------------------
     0 | D:1      | Moloch the Demonspawn Fighter began the quest for the Orb.
     0 | D:1      | Reached XP level 1. HP: 18/18 MP: 1/1
   157 | D:1      | Gained mutation: You have sharp fingernails. [demonic ancestry]
   157 | D:1      | Reached XP level 2. HP: 21/24 MP: 2/2
   295 | D:1      | Reached skill level 1 in Unarmed Combat
   481 | D:2      | Reached XP level 3. HP: 25/29 MP: 3/3
   677 | D:2      | Noticed Natasha
   693 | D:2      | HP: 1/29 [Natasha (7)]
   695 | D:2      | Killed Natasha
  1001 | D:2      | Gained mutation: A weak demonic guardian rushes to your aid. [demonic ancestry]
  1001 | D:2      | Reached XP level 4. HP: 35/35 MP: 4/4
  1066 | D:2      | Noticed Natasha
  1074 | D:2      | Killed Natasha
  1304 | D:2      | Noticed Natasha
  1308 | D:2      | Killed from afar by a white imp

Vault maps used:
D:1:      eino_arrival_water_cross
D:2:      uniq_natasha

Skill      XL: |  1  2  3  4 |
---------------+-------------+-----
Axes           | 2 |  2.1
Unarmed Combat | 1 2 3 |  3.5
Fighting       | |  3.3
Armour         | |  2.6
Shields        | |  2.6

Action                   |  1- 3 |  4- 6 || total
-------------------------+-------+-------++-------
Melee: War axe           |    24 |       ||    24
       Unarmed           |   113 |    28 ||   141
       Dagger            |       |    11 ||    11
  Eat: Chunk             |       |     1 ||     1
Armor: Scale mail        |    63 |    18 ||    81
Dodge: Dodged            |    33 |     8 ||    41
Block: Shield            |    62 |    21 ||    83
